AoeStats
← ME_DEPRIME_JUGAR_CON_USTEDES

Socotra

506876970Analyzed
4v4 RM · 17d ago on Sep 15, 2026· 38m 41s· 8 players
Game mode
Random Map
Map size
148×148
Population
200
Speed
Normal
Resources
Standard
Victory
Conquest
Starting age
Dark Age
Ending age
Imperial Age
RankedLock teamsTeams togetherTeam positionsShared explorationLock speedFull tech treeHidden civsTurbo modeCheats
Victory
Defeat
🇧🇾 Goths · Belarus
1571
+13
1492
+16
🇨🇦 Saracens · Canada
1487
+17
🇮🇳 Teutons · India
1471
+17
🇨🇭 Bulgarians · Switzerland
1539
-17
🇨🇳 Wei · China
1531
-17
🇹🇼 Vietnamese · Taiwan
1481
-15
🇹🇼 Magyars · Taiwan
1454
-14
F1NBLOO
8:05 Loom
10:32 Feudal Age
16:34 Double-Bit Axe
19:16 Wheelbarrow
24:43 Castle Age
25:12 Forging
26:05 Hand Cart
26:19 Gambesons
27:09 Forging
27:23 Scale Mail Armor
27:50 Squires
第一滴血
10:28 Feudal Age
15:16 Castle Age
16:30 Double-Bit Axe
17:36 Horse Collar
20:27 Loom
23:47 Fletching
24:11 Bow Saw
25:47 Bodkin Arrow
27:52 Padded Archer Armor
29:03 Wheelbarrow
29:18 Leather Archer Armor
34:42 Imperial Age
34:51 Ballistics
34:47 Leather Archer Armor
35:14 Thumb Ring
35:26 Bracer
38:03 Chemistry
38:30 Bloodlines
39:03 Parthian Tactics
39:13 Ring Archer Armor
戒賭胖
6:25 Loom
9:10 Feudal Age
9:51 Double-Bit Axe
10:48 Horse Collar
16:17 Wheelbarrow
24:36 Castle Age
23:15 Scale Barding Armor
24:12 Bloodlines
26:18 Bow Saw
26:33 Husbandry
31:05 Chain Barding Armor
不疾不徐
0:28 Loom
1:18 Loom
12:09 Feudal Age
13:22 Fletching
23:18 Padded Archer Armor
30:17 Wheelbarrow
32:32 Castle Age
33:12 Bodkin Arrow
[RUS-F]Believe_me
0:26 Loom
9:56 Feudal Age
10:05 Man-at-Arms
14:50 Scale Mail Armor
16:02 Forging
18:33 Double-Bit Axe
22:14 Castle Age
20:42 Horse Collar
21:14 Gold Mining
22:43 Long Swordsman
23:25 Squires
24:48 Chain Mail Armor
27:45 Bow Saw
32:34 Wheelbarrow
34:55 Hand Cart
36:18 Iron Casting
AlzzStriker
2:25 Loom
12:28 Feudal Age
20:30 Gold Mining
22:31 Fletching
23:13 Padded Archer Armor
29:22 Castle Age
28:18 Double-Bit Axe
28:52 Horse Collar
29:58 Bodkin Arrow
29:47 Crossbowman
34:51 Wheelbarrow
35:06 Ballistics
35:08 Thumb Ring
36:13 Leather Archer Armor
38:17 Bow Saw
Broken Angel
8:47 Feudal Age
8:01 Loom
9:33 Double-Bit Axe
13:15 Scale Barding Armor
16:32 Horse Collar
17:57 Forging
22:58 Castle Age
21:23 Gold Mining
22:02 Bloodlines
24:08 Bow Saw
24:03 Heavy Plow
25:36 Wheelbarrow
26:08 Chain Barding Armor
28:46 Iron Casting
33:26 Stone Mining
34:54 Hand Cart
ME_DEPRIME_JUGAR_CON_USTEDES
6:00 Loom
6:45 Loom
10:04 Feudal Age
10:39 Double-Bit Axe
19:05 Scale Barding Armor
21:11 Castle Age
19:24 Forging
20:33 Padded Archer Armor
21:04 Horse Collar
24:25 Chemistry
24:38 Bow Saw
32:04 Wheelbarrow
37:47 Heavy Plow
38:15 Leather Archer Armor
38:54 Hand Cart
Connection lost

Rejoining the realm…

Still unreachable

The connection could not be restored.

Session expired

The server has moved on; the page needs a fresh start.